 Dungeon Crawl Stone Soup version 0.26-a0-188-ga22346179c (webtiles) character file.

Game seed: 8859132796970044775

678 BritishOli the Slasher (level 7, -8/54 HPs)
             Began as a Demonspawn Gladiator on July 4, 2020.
             Mangled by an ice beast (12 damage)
             ... on level 4 of the Dungeon.
             The game lasted 00:03:49 (3414 turns).

BritishOli the Slasher (Demonspawn Gladiator)       Turns: 3414, Time: 00:03:50

Health: -8/54      AC:  5    Str: 17    XL:     7   Next: 34%
Magic:  7/7        EV: 13    Int:  9    God:
Gold:   224        SH:  6    Dex: 14    Spells: 6/6 levels left

rFire    . . .     SeeInvis .   a - +0 long sword
rCold    . . .     Faith    .   (no shield)
rNeg     . . .     Spirit   .   q - +0 troll leather armour {Purgy}
rPois    .         Reflect  .   c - +0 helmet
rElec    .         Harm     .   (no cloak)
rCorr    .                      (no gloves)
MR       +....                  (no boots)
Stlth    +.........             (no amulet)
HPRegen  0.58/turn              v - ring of flight
MPRegen  0.10/turn              B - ring of protection from magic

@: no status effects
A: talons 1, large bone plates 2, demonic guardian 1, rot immunity
a: Evoke Flight


You were on level 4 of the Dungeon.
You were not hungry.

You visited 1 branch of the dungeon, and saw 5 of its levels.

You collected 224 gold pieces.

Inventory:

Hand Weapons
 a - a +0 long sword (weapon)
Missiles
 d - 3 throwing nets (quivered)
Armour
 c - a +0 helmet (worn)
 p - a +0 ring mail
 q - a +0 troll leather armour (worn) {Purgy}
Jewellery
 v - a ring of flight (left hand)
 B - a ring of protection from magic (right hand)
Wands
 m - a wand of polymorph (5)
 y - a wand of flame (13)
Scrolls
 e - 4 scrolls of magic mapping {unknown}
 h - 2 scrolls of remove curse {unknown}
 l - 3 scrolls of enchant weapon {unknown}
 o - a scroll of noise {unknown}
 r - a scroll of teleportation {unknown}
 t - 4 scrolls of identify {unknown}
 w - a scroll of immolation {unknown}
Potions
 b - 2 potions of ambrosia {unknown}
 g - 3 potions of curing {unknown}
 i - a potion of stabbing {unknown}
 j - a potion of brilliance {unknown}
 k - a potion of mutation {unknown}
 n - a potion of magic {unknown}
 s - 3 potions of haste {unknown}
 u - a potion of lignification {unknown}
 z - 2 potions of heal wounds {unknown}
 A - 2 potions of flight {unknown}
 C - a potion of resistance {unknown}
Comestibles
 f - 5 rations
 x - 7 chunks of flesh


   Skills:
 + Level 4.0 Fighting
 * Level 5.2 Long Blades
 - Level 2.1 Throwing
 * Level 3.2 Armour
 - Level 4.0 Dodging


You had 6 spell levels left.
You didn't know any spells.
Your spell library was empty.

Dungeon Overview and Level Annotations

Branches:
Dungeon (5/15)
 Temple: D:4-7

Altars:
Fedhas
Hepliaklqana
Nemelex Xobeh
Yredelemnul
The Shining One


Innate Abilities, Weirdness & Mutations

You have sharp toenails.
You are mostly covered in large bone plates. (SH +6)
A weak demonic guardian rushes to your aid.
You are immune to rotting.


Message History

You barely miss the ice beast.
The ice beast is heavily wounded.
The ice beast hits you but does no damage.
You barely miss the ice beast. Your kick misses the ice beast.
The ice beast is heavily wounded.
The ice beast hits you. The ice beast freezes you!
* * * LOW HITPOINT WARNING * * *
You barely miss the ice beast.
The ice beast is heavily wounded.
The ice beast hits you.
* * * LOW HITPOINT WARNING * * *
The ice beast freezes you!
* * * LOW HITPOINT WARNING * * *
You barely miss the ice beast.
You claw the ice beast, but do no damage.
The ice beast is heavily wounded.
The ice beast hits you.
* * * LOW HITPOINT WARNING * * *
The ice beast freezes you!
You die...

###### #....# ####### #....#
###### #......
#....#########....#######......
#..................[...........
#....####..........##..##......
#....# ######................[
#....# #........#####.#.......
#....# #.....@..###...........
###### #....Y.......####......
#........##########....
#........#............. ###
#......................
#.####........#.............
#...........................
#.########..................
#.# #..#.#...#.##.......


You could see an ice beast.

Vanquished Creatures
  A human (D:3)
  A water moccasin zombie (D:5)
  2 orc wizards
  Jessica (D:2)
  A bullfrog skeleton (D:4)
  Natasha (thrice) (D:4)
  A worker ant (D:4)
  A hound skeleton (D:4)
  An adder (D:2)
  An ooze (D:3)
  An adder skeleton (D:4)
  A worm (D:2)
  2 dart slugs
  3 leopard geckos
  12 orcs
  A ball python (D:1)
  A giant cockroach (D:1)
  7 hobgoblins
  6 jackals
  A quokka (D:3)
  2 bats (D:1)
  3 frilled lizards
  8 goblins
  9 kobolds
  2 rats
72 creatures vanquished.

Vanquished Creatures (collateral kills)
  Grinder (D:4)
  An adder (D:4)
  An orc (D:3)
  A giant cockroach (D:5)
4 creatures vanquished.

Grand Total: 76 creatures vanquished

Notes
Turn   | Place    | Note
-------+----------+-------------------------------------------
     0 | D:1      | BritishOli the Demonspawn Gladiator began the quest for the
                  | Orb.
     0 | D:1      | Reached XP level 1. HP: 16/16 MP: 1/1
   222 | D:1      | Gained mutation: You have sharp toenails. [demonic
                  | ancestry]
   222 | D:1      | Reached XP level 2. HP: 15/22 MP: 2/2
   909 | D:2      | Found a basalt altar of Yredelemnul.
   947 | D:2      | Gained mutation: A weak demonic guardian rushes to your
                  | aid. [demonic ancestry]
   947 | D:2      | Reached XP level 3. HP: 5/28 MP: 3/3
  1193 | D:2      | Reached skill level 3 in Long Blades
  1344 | D:2      | Reached skill level 1 in Armour
  1537 | D:2      | Noticed Jessica
  1548 | D:2      | Killed Jessica
  1613 | D:2      | Reached XP level 4. HP: 32/34 MP: 4/4
  1737 | D:2      | Found a glowing golden altar of the Shining One.
  1754 | D:3      | Found a hazy altar of Hepliaklqana.
  2289 | D:3      | Found a sparkling altar of Nemelex Xobeh.
  2328 | D:3      | Noticed Purgy
  2331 | D:3      | Noticed Purgy
  2331 | D:3      | Purgy changed into Purgy the human
  2340 | D:3      | Killed Purgy the human
  2340 | D:3      | Reached skill level 4 in Long Blades
  2340 | D:3      | Gained mutation: You are partially covered in large bone
                  | plates. (SH +4) [demonic ancestry]
  2340 | D:3      | Reached XP level 5. HP: 12/41 MP: 5/5
  2693 | D:3      | Found a blossoming altar of Fedhas.
  2732 | D:4      | Gained mutation: You are immune to rotting. [demonic
                  | ancestry]
  2732 | D:4      | Reached XP level 6. HP: 47/47 MP: 6/6
  2792 | D:4      | Noticed Grinder
  2793 | D:4      | Paralysed by Grinder for 2 turns
  2795 | D:4      | Noticed Natasha
  2804 | D:4      | Killed Natasha
  2809 | D:4      | Killed Grinder
  2918 | D:4      | Gained mutation: You are mostly covered in large bone
                  | plates. (SH +6) [demonic ancestry]
  2918 | D:4      | Reached XP level 7. HP: 38/53 MP: 7/7
  2983 | D:4      | Noticed Natasha
  2989 | D:4      | Killed Natasha
  2989 | D:4      | Reached skill level 5 in Long Blades
  3072 | D:4      | Noticed Natasha
  3077 | D:4      | Killed Natasha
  3183 | D:5      | Entered Level 5 of the Dungeon
  3414 | D:4      | Mangled by an ice beast

Illustrated notes

Levels and vault maps discovered:
D:1:      scummos_arrival_star, layout_basic, hangedman_decor_points,
          st_stairs_14, dk_noncrumbling_2
D:2:      layout_rooms, tso_oasis_becter, overflow_temple_1_default,
          uniq_jessica
D:3:      layout_basic, old_standard_altar, lemuel_coloured_pillars_altar,
          nemelex_dance_club_becter, uniq_purgy
D:4:      layout_rooms, uniq_grinder, uniq_natasha
D:5:      layout_rooms, minmay_temple_entry_glassed_door, first_ration

Skill      XL: |  1  2  3  4  5  6  7 |
---------------+----------------------+-----
Throwing       | 2 |  2.1
Long Blades    | 3 4 5 |  5.2
Dodging        | 3 4 |  4.0
Armour         | 1 2 3 |  3.2
Fighting       | 3 4 |  4.0

Action                   |  1- 3 |  4- 6 |  7- 9 || total
-------------------------+-------+-------+-------++-------
Melee: Long sword        |   104 |    66 |    51 ||   221
       Kick              |    19 |    28 |    20 ||    67
Evoke: Wand              |       |     1 |       ||     1
 Stab: Distracted        |       |     1 |       ||     1
  Eat: Chunk             |     2 |     4 |     2 ||     8
Armor: Leather armour    |    26 |       |       ||    26
       Ring mail         |    19 |    14 |       ||    33
       Troll leather arm |       |     6 |    16 ||    22
Dodge: Dodged            |    92 |    62 |    32 ||   186
Block: Other             |       |     2 |    19 ||    21
       Rpst.: Long sword |    29 |    20 |    15 ||    64

Table legend:
 A = Non-vault XP
 B = Vault XP
 C = Vault XP percentage of total XP
 D = Non-vault monster count
 E = Vault monster count
 F = Vault count percentage of total count
                 A         B        C        D         E       F
            +---------+---------+-------+---------+---------+-------
      Total |     451 |     518 |  53.5 |      69 |       7 |   9.2
            +---------+---------+-------+---------+---------+-------
        D:1 |      28 |       2 |   6.7 |      16 |       1 |   5.9
        D:2 |      54 |      26 |  32.5 |      20 |       1 |   4.8
        D:3 |      69 |     195 |  73.9 |      15 |       3 |  16.7
        D:4 |     175 |     295 |  62.8 |       9 |       2 |  18.2
        D:5 |     125 |       0 |   0.0 |       9 |       0 |   0.0
            +---------+---------+-------+---------+---------+-------
